 Dungeon Crawl Stone Soup version 0.17.1-1-g73c8601 (webtiles) character file.

198 Runnr the Covered (level 5, -1/33 HPs)
             Began as a Gargoyle Fighter on Dec 26, 2015.
             Killed by nerve-wracking pain
             ... invoked by an orc priest
              (11 damage)
             ... on level 3 of the Dungeon.
             The game lasted 00:04:14 (2021 turns).

Runnr the Covered (Gargoyle Fighter)                Turns: 2021, Time: 00:04:14

Health: -1/33      AC: 11    Str: 20    XL:     5   Next: 76%
Magic:  5/5        EV:  8    Int:  9    God:
Gold:   133        SH:  9    Dex:  9    Spells: 0 memorised, 4 levels left

rFire  . . .     SeeInvis .     a - +0 war axe
rCold  . . .     Clarity  .     b - +0 scale mail
rNeg   + . .     SustAt   .     c - +0 shield
rPois  ∞         Gourm    .     (no helmet)
rElec  +         Spirit   .     (no cloak)
rCorr  .         Warding  .     (no gloves)
rMut   .         Stasis   .     (no boots)
MR     .....                    (no amulet)
Stlth  ..........               (no ring)
                                (no ring)

@: not resistant to hostile enchantments, extremely unstealthy
A: negative energy resistance 1, electricity resistance, unbreathing,
petrification resistance, rot immunity, AC +4
a: no special abilities


You were on level 3 of the Dungeon.
You were not hungry.

You visited 1 branch of the dungeon, and saw 3 of its levels.

You collected 133 gold pieces.

Inventory:

Hand Weapons
 a - a +0 war axe (weapon)
Armour
 b - a +0 scale mail (worn)
 c - a +0 shield (worn)
Jewellery
 l - a +6 ring of intelligence {unknown}
Scrolls
 g - 2 scrolls of identify {unknown}
 h - a scroll of amnesia {unknown}
 j - a scroll of enchant weapon {unknown}
 m - a scroll of immolation {unknown}
 n - a scroll of remove curse {unknown}
Potions
 d - a potion of might
 i - 2 potions of agility {unknown}
 k - a potion of invisibility
Comestibles
 e - 2 bread rations
 o - a beef jerky


   Skills:
 + Level 3.8 Fighting
 + Level 2.5 Axes
 + Level 4.5 Armour
 + Level 2.0 Dodging
 + Level 0.2 Stealth
 + Level 4.1 Shields


You had 4 spell levels left.
You didn't know any spells.

Dungeon Overview and Level Annotations

Branches:
Dungeon (3/15)

Altars:
Nemelex Xobeh
Yredelemnul


Innate Abilities, Weirdness & Mutations

You are resistant to torment.
Your stone body is resilient (AC +4).
You are immune to poison.
You resist negative energy.
You are resistant to electric shocks.
You can survive without breathing.
You are immune to petrification.
You are immune to rotting.


Message History

Your Dodging skill increases to level 2!
No target in view!
You see here an orc corpse.
You butcher the orc corpse.
Things that are here:
a chunk of flesh; an orc skeleton Eat a chunk of flesh? (ye/n/q/i?) This raw flesh tastes terrible.
You continue eating. x2
Read which item? (? for menu, Esc to quit)
As you read the scroll labeled SUM UMUOXI, it crumbles to dust.
You feel aware of your surroundings.
You sensed 3 altars, and 1 shop/portal.
It was a scroll of magic mapping.
The orc priest shouts!
The orc priest mumbles some strange prayers to Beogh against you.
Something smites you!
The orc priest looks braver for a moment.
The orc priest calls down the wrath of Beogh upon you.
Pain shoots through your body!
You die...

*,* *,*,,,>,,,,,,,≈*** ****,**
*,*,*********,≈≈≈≈ *,,,,,*
*,*,* *,,≈≈*≈ *,**,**
**************,,≈≈*≈ *,****
**,≈≈≈≈≈≈≈≈≈,,,,,≈≈*≈
*,*******,,≈≈≈≈∩≈≈≈≈,,*,,≈≈≈≈
*,*,,,,,,,,≈≈≈≈≈≈≈≈≈,**,,≈***
*,*,*******#######******,≈≈≈≈
**,*,* #@#....,,,,,,,,,,, *
**,,,,* #.#.#.#******,,***
***,,,,,** #...#.# *,,*
,*,,,,,,,** ###.#.######*,,*
,,,,,,,,,,* #.........,,,*
,*,,,,,,,** #.[o.####***,*
***,,,,,** #÷#.## *,* *
**,,,**#########.#.###*****,***
**,,,,........<.#.#.(,,,,,,,,,


You could see an orc priest.

Vanquished Creatures
  2 orc priests (D:3)
  Ijyb (D:2)
  An orc wizard (D:3)
  A gnoll (D:1)
  2 adders (D:2)
  A worm (D:2)
  A giant gecko (D:2)
  4 orcs
  A ball python (D:2)
  2 gnoll zombies (D:2)
  6 hobgoblins
  6 jackals
  6 bats
  4 giant newts (D:1)
  5 goblins
  7 kobolds
  5 rats
55 creatures vanquished.

Notes
Turn   | Place    | Note
--------------------------------------------------------------
     0 | D:1      | Runnr the Gargoyle Fighter began the quest for the Orb.
     0 | D:1      | Reached XP level 1. HP: 14/14 MP: 1/1
    46 | D:1      | Reached XP level 2. HP: 12/19 MP: 2/2
   444 | D:1      | Reached skill level 4 in Armour
   457 | D:1      | Reached XP level 3. HP: 20/23 MP: 3/3
   840 | D:2      | Noticed Ijyb
   854 | D:2      | Killed Ijyb
   854 | D:2      | Reached skill level 1 in Dodging
   854 | D:2      | Reached XP level 4. HP: 28/28 MP: 4/4
   991 | D:2      | Found a sparkling altar of Nemelex Xobeh.
  1068 | D:2      | Noticed Jessica
  1229 | D:2      | Found a basalt altar of Yredelemnul.
  1426 | D:3      | Reached XP level 5. HP: 23/33 MP: 5/5
  1700 | D:3      | HP: 1/33 [orc priest/nerve-wracking pain (7)]
  2021 | D:3      | Killed from afar by an orc priest

Action                   |  1- 3 |  4- 6 || total
-------------------------+-------+-------++-------
Melee: War axe           |    79 |   112 ||   191
  Use: Scroll            |       |     1 ||     1
       Potion            |       |     1 ||     1
  Eat: Chunk             |       |     3 ||     3
       Beef jerky        |       |     1 ||     1
